 Dungeon Crawl Stone Soup version 0.28-a0-804-g60983d4ba9 (webtiles) character file.

Game seed: 9060424748866741953

32 iamoutofideas the Firebug (level 3, -1/24 HPs)
             Began as a Demonspawn Fire Elementalist on Nov 7, 2021.
             Succumbed to an adder's poison
             ... on level 1 of the Dungeon.
             The game lasted 00:01:34 (2039 turns).

iamoutofideas the Firebug (DsFE)                    Turns: 2039, Time: 00:01:35

Health: -1/24      AC:  2    Str:  8    XL:     3   Next: 8%
Magic:  1/6        EV: 12    Int: 17    God:
Gold:   85         SH:  0    Dex: 13    Spells: 5/6 levels left

rFire   . . .      SeeInvis .   (no weapon)
rCold   . . .      Faith    .   (no shield)
rNeg    . . .      Spirit   .   a - +0 robe
rPois   .          Reflect  .   (no helmet)
rElec   .          Harm     .   (no cloak)
rCorr   .          Rampage  .   (no gloves)
Will    .....                   (no boots)
Stlth   ++........              (no amulet)
HPRegen 0.08/turn               (no ring)
MPRegen 0.10/turn               (no ring)

@: brilliant, lethally poisoned (-1 -> -11), flying
A: hooves 1
a: no special abilities


You were on level 1 of the Dungeon.
You visited 1 branch of the dungeon, and saw 2 of its levels.

You collected 85 gold pieces.

Inventory:

Armour
 a - a +0 robe (worn)
Jewellery
 n - a +6 ring of intelligence
 o - a ring of protection from fire
Scrolls
 b - a scroll of teleportation {unknown}
 c - a scroll of enchant weapon {unknown}
 d - 2 scrolls of fog {unknown}
 e - a scroll of noise {unknown}
 f - 3 scrolls of identify {unknown}
 g - 2 scrolls of enchant armour {unknown}
 i - 3 scrolls of fear {unknown}
 j - a scroll of silence {unknown}
Potions
 l - a potion of mutation {unknown}
 m - a potion of curing {unknown}


   Skills:
 + Level 1.9 Dodging
 - Level 1.8 Stealth
 + Level 2.4 Spellcasting
 + Level 1.4 Conjurations
 + Level 3.2 Fire Magic


You had 5 spell levels left.
You knew the following spells:

 Your Spells              Type           Power      Damage    Failure   Level
a - Foxfire               Conj/Fire      60%        2x1d7     7%          1

Your spell library contained the following spells:

 Spells                   Type           Power      Damage    Failure   Level
 Scorch                   Fire           38%        2d7       8%          2
 Animate Skeleton         Necr           6%         N/A       19%         1
 Apportation              Tloc           6%         N/A       19%         1
 Summon Small Mammal      Summ           12%        N/A       19%         1
 Conjure Flame            Conj/Fire      15%        6-21      22%         3
 Inner Flame              Hex/Fire       11%        N/A       28%         3
 Flame Wave               Conj/Fire      15%        3d5       56%         4


Dungeon Overview and Level Annotations

Branches:
Dungeon (2/15)

Altars:


Innate Abilities, Weirdness & Mutations

You have large cloven feet.


Message History

Confirm with . or Enter, or press ? or * to list all spells.
You conjure some foxfire!
The adder bites you. x2
The foxfire hits the adder.
The adder is moderately wounded.
The foxfire hits the adder.
The adder is moderately wounded.
The adder bites you but does no damage.
There is a stone staircase leading up here.
The adder bites you.
You are poisoned.
The adder poisons you! The adder closely misses you.
You climb upwards.
You feel sick.
There is a stone staircase leading down, spattered with blood here.
You hit the adder.
The adder is moderately wounded.
You feel sick. The adder bites you.
You are more poisoned.
The adder poisons you!
You barely miss the adder. Your kick misses the adder.
The adder is moderately wounded.
You feel sick. The adder bites you.
You closely miss the adder.
The adder is moderately wounded.
You feel sick. The adder closely misses you.
You closely miss the adder.
The adder is moderately wounded.
You feel sick. The adder bites you.
You are lethally poisoned!
The adder poisons you! The adder barely misses you.
You aren't carrying any items that you can evoke.
Unknown command.
It was a potion of brilliance.
You feel clever all of a sudden.
* * * LOW HITPOINT WARNING * * *
You feel sick. The adder bites you.
* * * LOW HITPOINT WARNING * * *
It was a potion of flight.
You feel very buoyant.
You fly up into the air.
You die...

#.# #...........#
#..........#. ##.#
#...........# #..........#.
.#.# #########'#^#
#..........## .#.# #####...#
#.........## .#.# #.......#
#...).....### .#.# #.###...#
#.........#.. .#.##### #.#
#...# #.........#..
.#.....###.# ###S#
#.........#..
.#.........#####@#
##...########
.#.##..........###
#........... ....#..........#
#...######## .#..#..........#
#...# ##..#..........# #..##
....#..........# ####'####
###............# #.......# ##
...............#####.8.8.8.#
#.
..##...............#.......###
#.


You could see an adder.

Vanquished Creatures
  3 ball pythons (D:1)
  5 endoplasms
  2 giant cockroaches (D:1)
  A goblin (D:1)
  3 hobgoblins
  2 jackals (D:2)
  A quokka (D:2)
  2 bats (D:1)
  6 kobolds
  5 rats (D:1)
30 creatures vanquished.

Vanquished Creatures (others)
  140 foxfires
140 creatures vanquished.

Grand Total: 170 creatures vanquished

Notes
Turn   | Place    | Note
-------+----------+-------------------------------------------
     0 | D:1      | iamoutofideas the Demonspawn Fire Elementalist began the
                  | quest for the Orb.
     0 | D:1      | Reached XP level 1. HP: 13/13 MP: 3/3
   456 | D:1      | Reached skill level 3 in Fire Magic
   456 | D:1      | Gained mutation: You have large cloven feet. [demonic
                  | ancestry]
   456 | D:1      | Reached XP level 2. HP: 19/19 MP: 1/5
  1909 | D:2      | Reached XP level 3. HP: 24/24 MP: 2/6
  2038 | D:1      | HP: 1/24 [adder (5)]
  2039 | D:1      | Succumbed to an adder's poison

Illustrated notes

Levels and vault maps discovered:
D:1:      doesnt_arrival_eight_statues, layout_basic, hex_tiny,
          minmay_indecisive_spiral
D:2:      layout_basic, basic_altar, eino_tiny_chamber, minmay_pentomino_q4

Skill      XL: |  1 |
---------------+----+-----
Fire Magic     | 3 |  3.2
Dodging        | |  1.9
Stealth        | |  1.8
Spellcasting   | |  2.4
Conjurations   | |  1.4

Action                   || total
-------------------------++-------
Melee: Unarmed           ||    10
       Kick              ||     3
 Cast: Foxfire           ||    91
  Use: Potion            ||     2
Armor: Robe              ||     7
Dodge: Dodged            ||    22

Table legend: (Time is in decaauts)
 A = Elapsed time spent in this place.
 B = Non-inter-level travel time spent in this place.
 C = Inter-level travel time spent in this place.
 D = Time resting spent in this place.
 E = Time spent auto-exploring this place.
 F = Levels seen in this place.
 G = Mean time per level.
                   A        B        C        D        E       F      G
               +--------+--------+--------+--------+--------+-----+--------+
         Total |   2040 |   2003 |     37 |    138 |   1542 |   2 | 1020.0 |
       Dungeon |   2040 |   2003 |     37 |    138 |   1542 |   2 | 1020.0 |
               +--------+--------+--------+--------+--------+-----+--------+

Top non-repeatable levels by time:
     D:1: 1566 daAuts
     D:2: 474 daAuts
